 Dungeon Crawl Stone Soup version 0.30-a0-1112-gfb780f5df6 (webtiles) character file.

Game seed: 10930496881250804529

7 Sweetruy1997 the Trooper (level 1, 0/18 HPs)
             Began as a Demonspawn Chaos Knight on Apr 19, 2023.
             Was a Plaything of Xom.
             Slain by a jackal (2 damage)
             ... on level 1 of the Dungeon.
             The game lasted 00:01:28 (171 turns).

Sweetruy1997 the Trooper (Demonspawn Chaos Knight)   Turns: 171, Time: 00:01:29

Health: 0/18       AC:  5    Str: 12    XL:     1   Next: 91%
Magic:  1/1        EV: 11    Int: 13    God:    Xom [..*...]
Gold:   14         SH:  0    Dex: 12    Spells: 0/0 levels left

rFire   . . .      SeeInvis .    a - +0 falchion (chaos)
rCold   . . .      Faith    .    (no shield)
rNeg    . . .      Spirit   .    b - +2 leather armour
rPois   .          Reflect  .    (no helmet)
rElec   .          Rampage  .    (no cloak)
rCorr   .                        (no gloves)
Will    .....                    (no boots)
Stlth   +                        (no amulet)
HPRegen 0.23/turn                (no ring)
MPRegen 0.07/turn                (no ring)

@: no status effects
A: no striking features
a: Renounce Religion


You were on level 1 of the Dungeon.
You worshipped Xom.
You were a toy of Xom.
You visited 1 branch of the dungeon, and saw 1 of its levels.

You collected 14 gold pieces.

Inventory:

Hand Weapons
 a - a +0 falchion of chaos (weapon)
Armour
 b - a +2 leather armour (worn)
Miscellaneous
 c - a piece from Xom's chessboard (11/15) (quivered)


   Skills:
 + Level 3.1 Fighting
 + Level 3.0 Long Blades
 + Level 1.7 Armour
 + Level 0.8 Dodging


You couldn't memorise any spells.
You didn't know any spells.
Your spell library was empty.

Dungeon Overview and Level Annotations

Branches:
Dungeon (1/15)

Altars:


Message History

The jackal closely misses you. The jackal bites you.
The quokka closely misses you. The jackal misses you.
You make a move on Xom's chessboard...
The quokka falls asleep!
The jackal bites you. The jackal barely misses you.
The jackal closely misses you.
The jackal bites you but does no damage.
The bat closely misses you.
The jackal bites you but does no damage.
You are too injured to fight recklessly!
You are too injured to fight recklessly!
You are too injured to fight recklessly!
The helpless quokka fails to defend itself.
You hit the quokka but do no damage.
The quokka seems to grow stronger.
The bat hits you. The jackal bites you.
* * * LOW HITPOINT WARNING * * *
The quokka bites you.
* * * LOW HITPOINT WARNING * * *
The jackal bites you but does no damage.
The jackal closely misses you. The bat barely misses you. The quokka bites you.
* * * LOW HITPOINT WARNING * * *
The jackal closely misses you. The jackal attacks as you move away!
The jackal closely misses you. The jackal attacks as you move away!
The jackal closely misses you. The quokka attacks as you move away!
The quokka closely misses you. The bat hits you but does no damage.
The jackal barely misses you. The jackal attacks as you move away!
The jackal barely misses you. The bat attacks as you move away!
The bat misses you. The bat hits you.
* * * LOW HITPOINT WARNING * * *
The jackal misses you. The bat misses you. The bat attacks as you move away!
The bat hits you but does no damage. The jackal attacks as you move away!
The jackal bites you but does no damage.
The bat hits you but does no damage. The bat hits you but does no damage.
The jackal attacks as you move away!
The jackal bites you but does no damage.
The bat hits you but does no damage. The jackal attacks as you move away!
The jackal closely misses you. The bat closely misses you.
The jackal bites you.
You die...

........ #.# #.....#
#.# #.....#.#.#
#....##.#.#####
........#....##.......#
........#....####.###.#
........#.........# #.#
........#...####### #.#
........#.@.....# #.#
........#.h.....# #.#
......).#br.....# #.#
.......h##......# #.#
##.......hh.....# #.#
#..............# #.#
#..........#########.#
#..........# #.......#
###..........#
#.#######


You could see a quokka (strong), 3 jackals and a bat.

Vanquished Creatures
  A bat (D:1)
  An endoplasm (D:1)
  A goblin (D:1)
  2 jackals (D:1)
  A kobold (D:1)
6 creatures vanquished.

Notes
Turn   | Place    | Note
-------+----------+-------------------------------------------
     0 | D:1      | Sweetruy1997 the Demonspawn Chaos Knight began the quest
                  | for the Orb.
     0 | D:1      | Reached XP level 1. HP: 18/18 MP: 1/1
   171 | D:1      | Slain by a jackal

Illustrated notes

Levels and vault maps discovered:
D:1:      dpeg_arrival_rhombi, layout_basic, grunt_decor_mini_mirrors,
          minmay_surrounded

Skill      XL: |  1 |
---------------+----+-----
Long Blades    | 3 |  3.0
Fighting       | |  3.1
Armour         | |  1.7
Dodging        | |  0.8

Action                     || total
---------------------------++-------
  Melee: Falchion          ||    24
  Evoke: Piece from Xom's  ||     4
   Stab: Sleeping          ||     1
 Armour: Leather armour    ||    27
  Dodge: Dodged            ||    48

Table legend: (Time is in decaauts)
 A = Elapsed time spent in this place.
 B = Non-inter-level travel time spent in this place.
 C = Inter-level travel time spent in this place.
 D = Time resting spent in this place.
 E = Time spent auto-exploring this place.
 F = Levels seen in this place.
 G = Mean time per level.
                   A        B        C        D        E       F      G
               +--------+--------+--------+--------+--------+-----+--------+
         Total |    174 |    174 |      0 |      0 |    119 |   1 |  174.0 |
       Dungeon |    174 |    174 |      0 |      0 |    119 |   1 |  174.0 |
               +--------+--------+--------+--------+--------+-----+--------+

Top non-repeatable levels by time:
     D:1: 174 daAuts
